 Dungeon Crawl Stone Soup version 0.23-a0-484-g29ba69c (webtiles) character file.

2697 tarabluh the Arsonist (level 9, -6/45 HPs)
             Began as a Deep Elf Fire Elementalist on Dec 1, 2018.
             Was a Priest of Sif Muna.
             Mangled by a yak (15 damage)
             ... on level 7 of the Dungeon.
             The game lasted 00:22:59 (6334 turns).

tarabluh the Arsonist (Deep Elf Fire Elementalist)  Turns: 6334, Time: 00:23:00

Health: -6/45      AC:  3    Str:  5    XL:     9   Next: 38%
Magic:  6/20       EV: 13    Int: 24    God:    Sif Muna [***...]
Gold:   236        SH:  0    Dex: 15    Spells: 6/21 levels left

rFire    . . .     SeeInvis +   t - +2 scimitar (elec)
rCold    + . .     Gourm    .   (no shield)
rNeg     . . .     Faith    .   e - +1 robe {rC+}
rPois    .         Spirit   .   (no helmet)
rElec    .         Reflect  .   (no cloak)
rCorr    .         Harm     .   (no gloves)
MR       .....                  (no boots)
Stlth    ++........             (no amulet)
HPRegen  0.15/turn              n - ring of see invisible
MPRegen  0.17/turn              (no ring)

@: divine energy
A: no striking features
a: Stop Divine Energy, Channel Magic, Renounce Religion


You were on level 7 of the Dungeon.
You worshipped Sif Muna.
Sif Muna was most pleased with you.
You were not hungry.

You visited 1 branch of the dungeon, and saw 7 of its levels.
You also visited: Sewer.

You collected 236 gold pieces.

Inventory:

Hand Weapons
 f - a +0 spear
 q - a +0 trident
 s - a +0 blowgun
 t - a +2 scimitar of electrocution (weapon)
Missiles
 k - 3 javelins (quivered)
Armour
 a - a +1 robe
 e - a +1 robe of cold resistance (worn)
 u - a cursed +0 buckler
Jewellery
 n - a ring of see invisible (left hand)
 w - an uncursed amulet of guardian spirit
Wands
 b - a wand of polymorph (5)
 v - a wand of enslavement (9)
 x - a wand of acid (8)
Scrolls
 d - a scroll of identify
 g - a scroll of enchant armour
 p - a scroll of fear
Potions
 h - a potion of heal wounds
 i - 4 potions of flight
 j - a potion of might {unknown}
 l - a potion of berserk rage {unknown}
 m - a potion of curing {unknown}
 o - 2 potions of ambrosia {unknown}
 z - a potion of resistance {unknown}
Comestibles
 c - 13 rations
 r - 5 chunks of flesh


   Skills:
 - Level 2.4 Dodging
 - Level 2.4 Stealth
 - Level 6.5 Spellcasting
 * Level 9.4 Conjurations
 * Level 9.4 Fire Magic
 + Level 2.9 Invocations


You had 6 spell levels left.
You knew the following spells:

 Your Spells              Type           Power        Failure   Level  Hunger
a - Flame Tongue          Conj/Fire      #####        1%          1    None
b - Conjure Flame         Conj/Fire      ######..     1%          3    None
c - Throw Flame           Conj/Fire      ######       1%          2    None
d - Fireball              Conj/Fire      ######....   4%          5    #####..
e - Sticky Flame          Conj/Fire      ######..     1%          4    ###....

Your spell library contained the following spells:

 Spells                   Type           Power        Failure   Level  Hunger
 Inner Flame              Hex/Fire       ####....     3%          3    None


Dungeon Overview and Level Annotations

Branches:
Dungeon (7/15)             Temple (0/1) D:5

Altars:
Fedhas
Makhleb
Ru
Sif Muna
Yredelemnul

Annotations:
D:4 exclusion: 3 doors, Grinder


Message History

There is a stone staircase leading up, spattered with blood here.
Casting: Sticky Flame (safe; 1% risk of failure)
Confirm with . or Enter, or press ? or * to list all spells.
Aiming: Sticky Flame (safe; 1% risk of failure)
Press: ? - help, Shift-Dir - straight line, f - yak
Aim: a yak The sticky flame hits the yak.
The yak is moderately wounded.
The yak is covered in liquid flames!
The yak burns!
The yak barely misses you.
Casting: Sticky Flame (safe; 1% risk of failure)
Confirm with . or Enter, or press ? or * to list all spells.
Aiming: Sticky Flame (safe; 1% risk of failure)
Press: ? - help, Shift-Dir - straight line, f - yak, p - yak
Aim: a yak The sticky flame hits the yak.
The yak is lightly wounded.
The yak is covered in liquid flames!
The yak burns! x2; The yak gores you.
* * * LOW HITPOINT WARNING * * *
The yak gores you!
You die...

..... ...##### #
######Y...... .##.
#.#...÷...... .....
#...##......$
......#######.####.......
#.[........=........
#.#[Y†(..###########
#.#@###### #.#.Y......
#.#.######. #.#.# ..#.#
###.# #.# #.#


You could see 2 yaks.

Vanquished Creatures
  4 yaks
  2 sky beasts
  3 phantoms
  2 ogres
  2 centaurs
  Blork the orc (D:4)
  A big kobold (Sewer)
  3 bullfrogs (D:6)
  A wyvern zombie (D:7)
  2 howler monkeys
  A centaur skeleton (D:5)
  3 hounds
  A gnoll shaman (D:5)
  7 orc wizards
  An iguana (D:5)
  9 worker ants
  A hound zombie (D:5)
  A hound skeleton (D:5)
  A howler monkey zombie (D:5)
  A worker ant zombie (D:6)
  8 adders
  6 gnolls
  A river rat (Sewer)
  A shadow imp (D:5)
  2 oozes
  5 worms
  6 leopard geckos
  8 orcs
  A ball python (D:2)
  6 bats
  8 giant cockroaches
  2 gnoll zombies (D:6)
  4 goblins
  8 hobgoblins
  12 jackals
  11 kobolds
  3 quokkas
  8 frilled lizards
  A quokka skeleton (D:4)
  10 rats
158 creatures vanquished.

Notes
Turn   | Place    | Note
-------+----------+-------------------------------------------
     0 | D:1      | tarabluh the Deep Elf Fire Elementalist began the quest for
                  | the Orb.
     0 | D:1      | Reached XP level 1. HP: 10/10 MP: 6/6
   106 | D:1      | Reached XP level 2. HP: 15/15 MP: 4/8
   554 | D:1      | Reached XP level 3. HP: 19/19 MP: 6/9
   777 | D:2      | Learned a level 3 spell: Conjure Flame
  1126 | D:2      | Found a deep blue altar of Sif Muna.
  1134 | D:2      | Became a worshipper of Sif Muna the Loreminder
  1173 | D:2      | Reached XP level 4. HP: 24/24 MP: 5/10
  1641 | D:3      | Found a glowing drain.
  1666 | Sewer    | Entered a sewer
  1963 | Sewer    | Learned a level 2 spell: Throw Flame
  1984 | Sewer    | Noticed a big kobold
  1993 | Sewer    | Killed a big kobold
  1993 | Sewer    | Reached XP level 5. HP: 28/28 MP: 1/11
  2085 | Sewer    | Found a white marble altar of Elyvilon.
  2334 | D:3      | Reached skill level 5 in Fire Magic
  2383 | D:3      | Reached skill level 5 in Conjurations
  2792 | D:3      | Reached XP level 6. HP: 18/32 MP: 2/12
  3213 | D:4      | Learned a level 5 spell: Fireball
  3256 | D:4      | Reached * piety under Sif Muna
  3637 | D:4      | Reached XP level 7. HP: 36/36 MP: 6/13
  3646 | D:4      | Noticed Grinder
  3763 | D:4      | Found a sacrificial altar of Ru.
  3802 | D:4      | Noticed Blork the orc
  3815 | D:4      | Killed Blork the orc
  4055 | D:5      | Entered Level 5 of the Dungeon
  4139 | D:5      | Reached ** piety under Sif Muna
  4555 | D:5      | Reached XP level 8. HP: 25/41 MP: 7/14
  4975 | D:5      | Found a burning altar of Makhleb.
  5009 | D:5      | Found a staircase to the Ecumenical Temple.
  5089 | D:5      | Learned a level 4 spell: Sticky Flame
  5174 | D:5      | Found a blossoming altar of Fedhas.
  5281 | D:6      | Reached skill level 5 in Spellcasting
  5285 | D:6      | Reached *** piety under Sif Muna
  5630 | D:6      | Found a basalt altar of Yredelemnul.
  5803 | D:6      | Reached skill level 1 in Invocations
  5867 | D:6      | Reached XP level 9. HP: 45/45 MP: 7/20
  6334 | D:7      | Mangled by a yak

Vault maps used:
D:1:      dpeg_arrival_long_road
D:2:      lemuel_coloured_pillars_altar
D:3:      portal_sewer_entry_f
D:4:      first_ration, nicolae_ru_awakened_eye, uniq_blork_the_orc,
          uniq_grinder
D:5:      kennysheep_little_box, temple_statues, basic_altar
D:6:      lemuel_zombie_altar_yredelemnul
D:7:      grunt_dithmenos_smoke_and_mirrors
Sewer:    sewer_kobolds

Skill      XL: |  1  2  3  4  5  6  7  8  9 |
---------------+----------------------------+-----
Conjurations   | 2 3 4 5 6 7 8 9 |  9.4
Fire Magic     | 4 5 6 7 8 9 |  9.4
Spellcasting   | 6 |  6.5
Invocations    | 1 2 |  2.9
Dodging        | |  2.4
Stealth        | |  2.4

Action                   |  1- 3 |  4- 6 |  7- 9 || total
-------------------------+-------+-------+-------++-------
Melee: Unarmed           |     2 |       |       ||     2
       Spear             |     9 |    58 |       ||    67
       Trident           |       |     1 |     2 ||     3
       Scimitar          |       |       |    30 ||    30
Throw: Javelin           |       |     3 |     8 ||    11
 Cast: Flame Tongue      |    67 |    76 |    86 ||   229
       Conjure Flame     |     1 |     2 |     3 ||     6
       Throw Flame       |       |    18 |    39 ||    57
       Fireball          |       |       |    18 ||    18
       Sticky Flame      |       |       |    10 ||    10
Invok: Divine Energy     |       |     1 |       ||     1
       Channel Magic     |       |       |     1 ||     1
  Use: Scroll            |       |       |    10 ||    10
       Potion            |       |       |     1 ||     1
 Stab: Sleeping          |     2 |     1 |     3 ||     6
  Eat: Chunk             |     1 |     8 |    16 ||    25
Armor: Robe              |     4 |     7 |    12 ||    23
Dodge: Dodged            |    17 |    36 |    58 ||   111
       Rpst.: Scimitar   |       |       |     9 ||     9

Table legend:
 A = Non-vault XP
 B = Vault XP
 C = Vault XP percentage of total XP
 D = Non-vault monster count
 E = Vault monster count
 F = Vault count percentage of total count
                 A         B        C        D         E       F
            +---------+---------+-------+---------+---------+-------
      Total |    3621 |     233 |   6.0 |     140 |      18 |  11.4
            +---------+---------+-------+---------+---------+-------
        D:1 |      49 |       0 |   0.0 |      23 |       0 |   0.0
        D:2 |      63 |       0 |   0.0 |      20 |       0 |   0.0
        D:3 |     150 |       7 |   4.5 |      24 |       3 |  11.1
        D:4 |     434 |      99 |  18.6 |      12 |       1 |   7.7
        D:5 |    1037 |       0 |   0.0 |      31 |       0 |   0.0
        D:6 |    1105 |       4 |   0.4 |      21 |       2 |   8.7
        D:7 |     783 |       0 |   0.0 |       9 |       0 |   0.0
      Sewer |       0 |     123 | 100.0 |       0 |      12 | 100.0
            +---------+---------+-------+---------+---------+-------
